 Dungeon Crawl Stone Soup version 0.29-a0-330-g52719c12eb (webtiles) character file.

Game seed: 8516709637484007949

273 DuloT34 the Skirmisher (level 6, 0/48 HPs)
             Began as a Djinni Fire Elementalist on May 16, 2022.
             Slain by a quasit (1 damage)
             ... summoned by Eustachio
             ... on level 4 of the Dungeon.
             The game lasted 00:07:09 (5302 turns).

DuloT34 the Skirmisher (Djinni Fire Elementalist)   Turns: 5302, Time: 00:07:10

Health: 0/48       AC:  5    Str:  7    XL:     6   Next: 48%
Gold:   155        EV: 12    Int: 18    God:
                   SH:  0    Dex: 14

rFire   + + .      SeeInvis .   f - +0 dagger
rCold   x . .      Faith    .   (no shield)
rNeg    + . .      Spirit   .   a - +1 robe
rPois   ∞          Reflect  .   (no helmet)
rElec   .          Harm     .   (no cloak)
rCorr   .          Rampage  .   (no gloves)
Will    .....                   (boots unavailable)
Stlth   ++........              (no amulet)
HPRegen 0.16/turn               e - ring of positive energy
MPRegen 0.00/turn               (no ring)

@: flying
A: sickness immunity, fire resistance 2, cold vulnerability 1, float, innate
caster, HP casting, extra vitality 1, iridescent scales 1
a: no special abilities


You were on level 4 of the Dungeon.
You visited 1 branch of the dungeon, and saw 4 of its levels.

You collected 155 gold pieces.

Inventory:

Hand Weapons
 f - a +0 dagger (weapon)
Armour
 a - a +1 robe (worn)
Jewellery
 e - a ring of positive energy (left hand)
Scrolls
 b - a scroll of enchant weapon
 c - 2 scrolls of identify
 d - a scroll of noise
 l - a scroll of teleportation {unknown}
 m - a scroll of magic mapping {unknown}
Potions
 g - 2 potions of curing {unknown}
 h - 2 potions of heal wounds {unknown}
 i - a potion of flight {unknown}
 j - a potion of resistance {unknown}
 k - 2 potions of mutation
 n - a potion of cancellation {unknown}


   Skills:
 * Level 4.5 Fighting
 - Level 2.4 Dodging
 - Level 1.7 Stealth
 + Level 3.5 Spellcasting


You couldn't memorise any spells.
You knew the following spells:

 Your Spells              Type           Power      Damage    Failure   Level
a - Foxfire               Conj/Fire      64%        2x1d7     3%          1
b - Scorch                Fire           32%        2d7       5%          2
c - Conjure Flame         Conj/Fire      16%        6-21      11%         3
d - Inner Flame           Hex/Fire       16%        N/A       11%         3
e - Flame Wave            Conj/Fire      16%        2d6       34%         4
f - Animate Skeleton      Necr           32%        N/A       3%          1
g - Call Imp              Summ           16%        N/A       5%          2
Your spell library was empty.

Dungeon Overview and Level Annotations

Branches:
Dungeon (4/15)
 Temple: D:4-7

Altars:

Annotations:
D:4 Eustachio, Robin


Innate Abilities, Weirdness & Mutations

You are immune to sickness and miasma.
You are immune to poison.
Your flesh is very heat resistant. (rF++)
You are vulnerable to cold. (rC-)
You float through the air rather than walking.
You learn spells naturally, not from books.
Your magical power is your life essence.
You have superior vitality. (+4 MHP)
You are partially covered in iridescent scales. (AC +2)


Message History

Confirm with . or Enter, or press ? or * to list all spells.
You conjure some foxfire!
The foxfire hits Eustachio.
Eustachio is heavily wounded.
The foxfire hits Eustachio.
Eustachio is heavily wounded.
Eustachio hits you with a +0 rapier of protection!
The shadow imp closely misses you.
Your foxfire dissipates!
The foxfire hits the shadow imp.
The shadow imp is lightly wounded.
The ufetubus barely misses you. x2; The shadow imp misses you.
Eustachio attacks as you move away!
Eustachio hits you with a +0 rapier of protection.
The shadow imp hits you.
* * * LOW HITPOINT WARNING * * *
The shadow imp attacks as you move away!
The shadow imp barely misses you.
The shadow imp attacks as you move away!
The shadow imp hits you.
* * * LOW HITPOINT WARNING * * *
The quasit attacks as you move away! The quasit misses you.
The quasit closely misses you. The quasit barely misses you.
The quasit misses you. x2; The quasit completely misses you.
The quasit attacks as you move away! The quasit barely misses you.
The quasit claws you but does no damage. x2
The ufetubus attacks as you move away! The ufetubus hits you.
* * * LOW HITPOINT WARNING * * *
The ufetubus hits you.
* * * LOW HITPOINT WARNING * * *
Eustachio screams, "This atrocity can only be purified with blood!"
Okay, then.
It was a potion of mutation.
You feel extremely strange.
Iridescent scales grow over part of your body.
The ufetubus closely misses you. The ufetubus completely misses you.
The quasit bites you but does no damage.
The quasit claws you but does no damage. x2
Eustachio hits you with a +0 rapier of protection!
* * * LOW HITPOINT WARNING * * *
The quasit closely misses you. x2; The quasit claws you.
You die...

... ######.#
#...<#.#### #
#..........# #.
#.?###.###.#
#.##..# #.# #...@.#
#)# ###@55###.###
#.5.......#
#.r..########.
#............. #
##..#.#........
#.##.....#.########
#..................
####....###########


You could see Eustachio, a quasit (summoned), a shadow imp (summoned), an
ufetubus (summoned) and a rat (summoned).

Vanquished Creatures
  A black bear (D:3)
  A hound (D:4)
  3 gnolls (D:2)
  4 adders
  2 dart slugs
  13 orcs (D:3)
  6 ball pythons
  2 endoplasms (D:1)
  2 giant cockroaches (D:1)
  3 goblins
  3 hobgoblins
  8 jackals
  5 kobolds
  3 quokkas
  4 bats
  5 frilled lizards
  8 rats
73 creatures vanquished.

Vanquished Creatures (collateral kills)
  A foxfire (D:2)
1 creature vanquished.

Vanquished Creatures (others)
  361 foxfires
361 creatures vanquished.

Grand Total: 435 creatures vanquished

Notes
Turn   | Place    | Note
-------+----------+-------------------------------------------
     0 | D:1      | DuloT34 the Djinni Fire Elementalist began the quest for
                  | the Orb.
     0 | D:1      | Reached XP level 1. HP: 15/15 MP: 0/0
     5 | D:1      | Found a faded altar of an unknown god.
   312 | D:1      | Reached XP level 2. HP: 17/22 MP: 0/0
   643 | D:1      | Reached skill level 1 in Fighting
  1155 | D:1      | Reached XP level 3. HP: 26/27 MP: 0/0
  1155 | D:1      | Learned a level 1 spell: Animate Skeleton
  1746 | D:2      | Reached skill level 2 in Fighting
  1920 | D:2      | Reached XP level 4. HP: 17/34 MP: 0/0
  2756 | D:2      | Reached skill level 3 in Fighting
  2893 | D:2      | Reached XP level 5. HP: 31/40 MP: 0/0
  2893 | D:2      | Learned a level 2 spell: Call Imp
  3613 | D:3      | Noticed a black bear
  3620 | D:3      | Killed a black bear
  3621 | D:3      | Reached skill level 4 in Fighting
  3621 | D:3      | Reached XP level 6. HP: 40/47 MP: 0/0
  4856 | D:4      | Noticed Robin
  5267 | D:4      | Noticed Eustachio
  5302 | D:4      | Gained mutation: You are partially covered in iridescent
                  | scales. (AC +2) [potion of mutation]
  5302 | D:4      | HP: 1/48 [Eustachio/+0 rapier of protection (7)]
  5302 | D:4      | Slain by a quasit

Illustrated notes

Levels and vault maps discovered:
D:1:      dpeg_arrival_tiny_i, layout_loops_ring,
          hellmonk_ecumenical_altar_crossroads, minmay_misc_feat_more_columns,
          minmay_misc_feat_columns, minivault_11
D:2:      layout_basic
D:3:      layout_basic
D:4:      layout_basic, uniq_robin, uniq_eustachio

Skill      XL: |  1  2  3  4  5 |
---------------+----------------+-----
Fighting       | 1 2 3 4 |  4.5
Spellcasting   | 3 |  3.5
Dodging        | |  2.4
Stealth        | |  1.7

Action                   |  1- 3 |  4- 6 || total
-------------------------+-------+-------++-------
Melee: Unarmed           |     2 |       ||     2
       Dagger            |       |    14 ||    14
 Cast: Foxfire           |    89 |   168 ||   257
       Inner Flame       |     1 |       ||     1
  Use: Scroll            |     4 |       ||     4
       Potion            |       |     1 ||     1
Armor: Robe              |     2 |     8 ||    10
Dodge: Dodged            |     6 |    41 ||    47

Table legend: (Time is in decaauts)
 A = Elapsed time spent in this place.
 B = Non-inter-level travel time spent in this place.
 C = Inter-level travel time spent in this place.
 D = Time resting spent in this place.
 E = Time spent auto-exploring this place.
 F = Levels seen in this place.
 G = Mean time per level.
                   A        B        C        D        E       F      G
               +--------+--------+--------+--------+--------+-----+--------+
         Total |   5301 |   5203 |     98 |   1271 |   3427 |   4 | 1325.2 |
       Dungeon |   5301 |   5203 |     98 |   1271 |   3427 |   4 | 1325.2 |
               +--------+--------+--------+--------+--------+-----+--------+

Top non-repeatable levels by time:
     D:2: 1765 daAuts
     D:3: 1638 daAuts
     D:1: 1494 daAuts
     D:4: 403 daAuts
